 Dungeon Crawl Stone Soup version 0.23.2-40-g277498a001 (webtiles) character file.

Game seed: 18158218869334376385

63576 KamiKatze the Impaler (level 15, -2/178 HPs)
             Began as a Merfolk Gladiator on Sept 4, 2019.
             Was the Champion of Okawaru.
             Slain by an orc warlord
             ... wielding a +2 war axe
              (27 damage)
             ... in a bailey on Sept 5, 2019.
             The game lasted 01:46:49 (20570 turns).

KamiKatze the Impaler (Merfolk Gladiator)          Turns: 20570, Time: 01:46:51

Health: -2/178     AC: 26    Str: 32    XL:     15   Next: 10%
Magic:  0/22       EV: 18    Int:  8    God:    Okawaru [******]
Gold:   2099       SH:  0    Dex: 17    Spells: 14/14 levels left

rFire    + + .     SeeInvis .   a - +7 bardiche (freeze)
rCold    + + .     Gourm    .   (shield currently unavailable)
rNeg     . . .     Faith    .   E - +5 gold dragon scales
rPois    +         Spirit   .   M - +0 helmet of the Hills {Slay+5}
rElec    +         Reflect  .   h - scarf {rC+ rF+}
rCorr    .         Harm     .   z - +0 pair of gloves
MR       +....                  R - +0 pair of boots of the Locust {rElec rPois Str+4}
Stlth    ..........             H - amulet of regeneration
HPRegen  0.79/turn              p - +5 ring of evasion
MPRegen  0.18/turn              G - +4 ring of strength

@: berserking, very quick
A: change form in water, swift swim, stealthy swim
a: Heroism, Finesse, Renounce Religion


You were in a bailey.
You worshipped Okawaru.
Okawaru was exalted by your worship.
You were not hungry.

You visited 4 branches of the dungeon, and saw 22 of its levels.
You also visited: Bailey, Gauntlet and Ice Cave.

You collected 2099 gold pieces.

Inventory:

Hand Weapons
 a - a +7 bardiche of freezing (weapon)
 q - a +0 blowgun
 w - a +2 trident of venom
Missiles
 b - 4 tomahawks of returning
 d - 4 throwing nets
 r - 39 poisoned needles
 y - 223 stones
 I - 4 needles of confusion
 J - 7 needles of sleeping
 T - 48 tomahawks (quivered)
 U - 3 silver tomahawks
 X - 15 poisoned javelins
 Y - 4 tomahawks of dispersal
Armour
 h - a scarf of resistance (worn)
 z - a +0 pair of gloves (worn)
 E - +5 gold dragon scales (worn)
 M - the +0 helmet of the Hills (worn) {Slay+5}
   (You found it on level 4 of the Dungeon)

   It affects your accuracy and damage with ranged weapons and melee attacks
   (+5).
 R - the +0 pair of boots of the Locust (worn) {rElec rPois Str+4}
   (You found it in a Gauntlet)

   It affects your strength (+4).
   It insulates you from electricity.
   It protects you from poison.
Jewellery
 m - a +6 ring of intelligence
 p - a +5 ring of evasion (left hand)
 u - an uncursed ring of flight
 G - a +4 ring of strength (right hand)
 H - an amulet of regeneration (around neck)
Wands
 l - a wand of disintegration (7)
 O - a wand of digging (8)
 P - a wand of iceblast (44)
 V - a wand of polymorph (24)
Scrolls
 c - a scroll of holy word
 e - a scroll of amnesia
 g - 3 scrolls of blinking
 k - 8 scrolls of remove curse
 n - 2 scrolls of magic mapping
 o - a scroll of summoning
 A - 12 scrolls of teleportation
 C - a scroll of fear
 Q - a scroll of fog
 S - 11 scrolls of identify
Potions
 i - a potion of berserk rage
 j - a potion of cancellation
 s - 3 potions of heal wounds
 v - a potion of ambrosia
 B - 2 potions of lignification
 D - a potion of invisibility
 F - a potion of mutation
 L - 7 potions of curing
 N - 2 potions of haste
 W - a potion of might
 Z - 2 potions of flight
Comestibles
 f - 34 rations
 t - 28 chunks of flesh


   Skills:
 + Level 11.6 Fighting
 * Level 19.8 Polearms
 - Level 6.0 Throwing
 + Level 10.1 Armour
 - Level 12.0 Dodging
 - Level 10.0 Invocations
 - Level 2.1 Evocations


You had 14 spell levels left.
You didn't know any spells.
Your spell library contained the following spells:

 Spells                   Type           Power        Failure   Level  Hunger
 Confusing Touch          Hex            #.....       100%        1    ##.....
 Sandblast                Erth           #.....       100%        1    ##.....
 Summon Small Mammal      Summ           #...         100%        1    ##.....
 Call Imp                 Summ           #.......     100%        2    ###....
 Passwall                 Tmut/Erth      #.......     100%        2    ###....
 Poisonous Vapours        Pois/Air       #.....       100%        2    ###....
 Call Canine Familiar     Summ           #.......     100%        3    ####...
 Confuse                  Hex            #.......     100%        3    ####...
 Conjure Flame            Conj/Fire      #.......     100%        3    ####...
 Gell's Gravitas          Tloc           #.........   100%        3    ####...
 Mephitic Cloud           Conj/Pois/Air  #.......     100%        3    ####...
 Stone Arrow              Conj/Erth      #.....       100%        3    ####...
 Summon Guardian Golem    Hex/Summ       #.......     100%        3    ####...
 Petrify                  Tmut/Erth      #.......     100%        4    #####..
 Summon Ice Beast         Ice/Summ       #.......     100%        4    #####..
 Summon Lightning Spire   Summ/Air       #.......     100%        4    #####..
 Lee's Rapid Deconstruct  Erth           #.........   100%        5    ######.
 Metabolic Englaciation   Hex/Ice        #.........   100%        5    ######.
 Yara's Violent Unravell  Hex/Tmut       #.........   100%        5    ######.
 Freezing Cloud           Conj/Ice/Air   #.........   100%        6    #######
 Ring of Flames           Chrm/Fire      #.........   100%        7    #######


Dungeon Overview and Level Annotations

Branches:
Dungeon (13/15)            Temple (1/1) D:7            Lair (6/6) D:11
  Swamp (0/4) Lair:3        Snake (0/4) Lair:3        Slime (0/5) Lair:5
    Orc (2/2) D:12            Elf (0/3) Orc:2
 Vaults: D:13-14

Altars:
Ashenzari
Cheibriados
Dithmenos
Elyvilon
Fedhas
Gozag
Hepliaklqana
Kikubaaqudgha
Makhleb
Nemelex Xobeh
Okawaru
Qazlal
Ru
Sif Muna
Trog
Uskayaw
Vehumet
Wu Jian
Xom
Yredelemnul
Zin
The Shining One
Beogh

Shops:
D:6 %   D:8 }   D:11 [   D:12 [(   Orc:2 (([=

Annotations:
D:10 2 transporters, barcode's ghost, journeyman GrIE
Orc:2 1 runed translucent door, Sassenached's ghost, adept KoCj


Message History

The orc warlord hits you with a +2 war axe!
* * * LOW HITPOINT WARNING * * *
You are too injured to fight recklessly!
You are too injured to fight recklessly!
Unknown command.
A red film seems to cover your vision as you go berserk!
You feel yourself moving faster!
You feel mighty!
The orc warrior hits you from afar with the +8 glaive "Hiteoffaifa" {antimagic, rPois MR+ Dex-2}!!
* * * LOW HITPOINT WARNING * * *
You feel your power leaking away.
Unknown command.
The orc warlord blocks your attack.
The orc warlord is heavily wounded.
The orc warlord misses you. The orc warlord blocks your attack.
The orc warlord is heavily wounded.
The orc warrior hits you from afar with the +8 glaive "Hiteoffaifa" {antimagic, rPois MR+ Dex-2}.
* * * LOW HITPOINT WARNING * * *
The orc warlord hits you with a +2 war axe!!
You die...

#..[..).#
##...).##
♣##'[[##♣
♣...))..♣♣
♣♣........♣
♣....∩....♣♣
♣♣.....o....♣
♣.....∩.o..♣♣
♣.......@..♣
♣♣♣♣.......♣
♣.♣..♣♣♣♣
♣♣♣♣♣♣


You could see an orc warlord and an orc warrior.

Vanquished Creatures
  Saint Roka (Orc:2)
  An orc warlord (D:12)
  A reaper (Gauntlet)
  2 entropy weavers (Lair:5)
  A minotaur (Gauntlet)
  Snorg (Lair:5)
  Harold (D:8)
  A hydra (Lair:2)
  7 two-headed ogres
  A queen ant (Lair:5)
  A thrashing horror (Gauntlet)
  2 orc high priests (Orc:2)
  4 skeletal warriors (D:12)
  3 orc knights
  A deep elf mage (D:12)
  2 orc sorcerers (Orc:2)
  An ugly thing (D:11)
  A worldbinder (Gauntlet)
  2 manticores
  A black mamba (Lair:4)
  3 elephants (Lair:4)
  11 spiny frogs
  2 torpor snails
  A rime drake (Lair:3)
  2 kobold demonologists (D:12)
  3 komodo dragons
  2 ice devils (IceCv)
  A hellwing (Gauntlet)
  4 trolls
  A polar bear (Lair:4)
  7 slime creatures
  A hornet (D:8)
  17 blink frogs
  3 tyrant leeches (Lair:3)
  4 hippogriffs
  2 dream sheep (Lair:4)
  A wyvern (D:11)
  3 wraiths
  Eustachio (D:6)
  22 yaks
  4 small abominations (Gauntlet)
  2 basilisks
  3 hungry ghosts
  Menkaure (D:6)
  5 wargs
  22 soldier ants (Lair:5)
  A swamp worm (Lair:3)
  Edmund (D:4)
  4 water moccasins
  2 nagas (Lair:3)
  5 porcupines
  47 orc warriors
  10 ice beasts
  5 sky beasts
  17 ogres
  4 eyes of draining
  2 black bears
  9 wolves
  A phantom (D:4)
  A boggart (Gauntlet)
  2 centaurs
  A crocodile (D:11)
  3 big kobolds
  Blork the orc (D:5)
  11 bullfrogs
  2 wyvern zombies
  6 scorpions
  10 killer bees
  9 wights
  2 electric eels (Lair:1)
  3 howler monkeys
  3 crimson imps
  4 bullfrog zombies
  A centaur zombie (D:5)
  Crazy Yiuf (D:5)
  4 jellies
  18 orc priests
  A bullfrog skeleton (D:7)
  5 centaur skeletons
  35 orc wizards
  4 iguanas
  Natasha (thrice) (D:4)
  33 worker ants
  Robin (D:4)
  21 gnolls
  12 adders
  4 shadow imps
  3 oozes
  An adder zombie (D:5)
  3 worms (D:3)
  3 dart slugs
  5 leopard geckos
  116 orcs
  6 giant cockroaches
  22 goblins
  33 hobgoblins
  14 jackals
  5 quokkas
  9 bats
  4 frilled lizards
  2 jackal zombies
  19 kobolds
  A leopard gecko skeleton (D:6)
  2 quokka zombies
  3 rats
723 creatures vanquished.

Vanquished Creatures (others)
  A leopard gecko (D:5)
  2 demonic plants (Gauntlet)
  3 fungi (Lair:5)
6 creatures vanquished.

Grand Total: 729 creatures vanquished

Notes
Turn   | Place    | Note
-------+----------+-------------------------------------------
     0 | D:1      | KamiKatze the Merfolk Gladiator began the quest for the
                  | Orb.
     0 | D:1      | Reached XP level 1. HP: 16/16 MP: 1/1
   190 | D:1      | Reached skill level 5 in Polearms
   190 | D:1      | Reached XP level 2. HP: 11/23 MP: 2/2
   473 | D:1      | Reached XP level 3. HP: 28/28 MP: 3/3
   977 | D:2      | Found a faded altar of an unknown god.
  1318 | D:2      | Reached skill level 6 in Polearms
  1625 | D:2      | Reached XP level 4. HP: 35/35 MP: 4/4
  2168 | D:3      | Reached skill level 7 in Polearms
  2324 | D:3      | Reached XP level 5. HP: 37/41 MP: 5/5
  2472 | D:3      | You fall through a shaft for 3 floors!
  2579 | D:6      | Noticed an ogre
  2594 | D:6      | Killed an ogre
  2594 | D:6      | Reached skill level 8 in Polearms
  2594 | D:6      | Reached XP level 6. HP: 44/48 MP: 6/6
  2645 | D:6      | Found Kabiell's Food Emporium.
  2692 | D:5      | Entered Level 5 of the Dungeon
  2692 | D:5      | Noticed Blork the orc
  2698 | D:5      | Killed Blork the orc
  2698 | D:5      | Reached skill level 9 in Polearms
  2838 | D:4      | Noticed a phantom
  2861 | D:4      | Killed a phantom
  2861 | D:4      | Reached XP level 7. HP: 43/55 MP: 7/7
  2954 | D:4      | Reached skill level 5 in Fighting
  2990 | D:4      | Reached skill level 10 in Polearms
  3076 | D:4      | Noticed Edmund
  3108 | D:4      | Killed Edmund
  3138 | D:4      | Reached skill level 1 in Armour
  3274 | D:4      | Noticed Robin
  3295 | D:4      | Killed Robin
  3403 | D:4      | Reached XP level 8. HP: 54/63 MP: 8/8
  3471 | D:4      | Got a dazzling helmet
  3482 | D:4      | Identified the cursed +0 helmet of the Hills {Slay+5} (You
                  | found it on level 4 of the Dungeon)
  3951 | D:5      | Reached skill level 11 in Polearms
  3951 | D:5      | Reached skill level 5 in Dodging
  3973 | D:4      | Noticed Natasha
  3977 | D:4      | Killed Natasha
  4048 | D:4      | Noticed Natasha
  4053 | D:4      | Killed Natasha
  4068 | D:4      | Noticed Natasha
  4073 | D:4      | Killed Natasha
  4479 | D:5      | Found a runed translucent door.
  4480 | D:5      | Noticed Crazy Yiuf
  4487 | D:5      | Killed Crazy Yiuf
  4544 | D:5      | Found a white marble altar of Elyvilon.
  4711 | D:6      | Reached XP level 9. HP: 39/69 MP: 7/9
  4855 | D:6      | Noticed Menkaure
  4866 | D:6      | Killed Menkaure
  4904 | D:6      | Noticed Eustachio
  4929 | D:6      | Killed Eustachio
  5190 | D:6      | Reached skill level 12 in Polearms
  5870 | D:7      | Found a staircase to the Ecumenical Temple.
  5883 | Temple   | Entered the Ecumenical Temple
  5992 | Temple   | Became a worshipper of Warmaster Okawaru
  6545 | D:8      | Noticed Harold
  6558 | D:8      | Killed Harold
  6558 | D:8      | Reached skill level 13 in Polearms
  6558 | D:8      | Reached skill level 1 in Evocations
  6558 | D:8      | Reached XP level 10. HP: 33/79 MP: 8/11
  6766 | D:8      | Reached * piety under Okawaru
  7076 | D:8      | Found Benwedom's Gadget Shoppe.
  7086 | D:8      | Noticed a two-headed ogre
  7103 | D:8      | Killed a two-headed ogre
  7103 | D:8      | Reached skill level 5 in Throwing
  7103 | D:8      | Reached skill level 5 in Armour
  7241 | D:8      | Reached ** piety under Okawaru
  7813 | D:9      | Found a bloodstained altar of Trog.
  7843 | D:9      | Reached skill level 1 in Invocations
  8218 | D:10     | Entered Level 10 of the Dungeon
  8266 | D:10     | Reached *** piety under Okawaru
  8266 | D:10     | Reached skill level 14 in Polearms
  8282 | D:10     | Found a transporter.
  8286 | D:10     | Noticed a two-headed ogre
  8286 | D:10     | Noticed barcode's ghost (journeyman GrIE)
  8287 | D:10     | Found a transporter.
  8448 | D:10     | Reached XP level 11. HP: 86/86 MP: 12/12
  8981 | D:11     | Noticed a two-headed ogre
  8994 | D:11     | Killed a two-headed ogre
  9033 | D:11     | Reached **** piety under Okawaru
  9164 | D:11     | Noticed a two-headed ogre
  9179 | D:11     | Killed a two-headed ogre
  9280 | D:11     | Noticed a purple ugly thing
  9295 | D:11     | Killed a purple ugly thing
  9318 | D:11     | Found Wualacyo's Antique Armour Shop.
  9415 | D:11     | Identified a scroll of acquirement
  9481 | D:11     | Noticed a two-headed ogre
  9492 | D:11     | Killed a two-headed ogre
  9492 | D:11     | Reached skill level 15 in Polearms
  9513 | D:11     | Noticed a manticore
  9525 | D:11     | Killed a manticore
  9525 | D:11     | Reached ***** piety under Okawaru
  9605 | D:11     | Found a staircase to the Lair.
  9950 | D:12     | Found a frozen archway.
 10002 | IceCv    | Entered an ice cave
 10103 | D:12     | Found a gate leading to a gauntlet.
 10107 | Gauntlet | Entered a Gauntlet
 10107 | Gauntlet | Found a transporter.
 10107 | Gauntlet | Found a transporter.
 10111 | Gauntlet | Found a transporter.
 10113 | Gauntlet | Found a transporter.
 10118 | Gauntlet | Found a transporter.
 10119 | Gauntlet | Noticed a worldbinder
 10136 | Gauntlet | Noticed a death drake
 10137 | Gauntlet | Found a transporter.
 10145 | Gauntlet | Found a transporter.
 10147 | Gauntlet | Found a transporter.
 10147 | Gauntlet | Found a transporter.
 10147 | Gauntlet | Noticed a death ooze
 10147 | Gauntlet | Noticed an obsidian statue
 10151 | Gauntlet | Found a transporter.
 10158 | Gauntlet | Noticed a thrashing horror
 10200 | Gauntlet | Noticed a sixfirhy
 10201 | Gauntlet | Found a transporter.
 10247 | Gauntlet | Found a transporter.
 10249 | Gauntlet | Noticed a balrug
 10261 | Gauntlet | Found a transporter.
 10363 | Gauntlet | Found a transporter.
 10375 | Gauntlet | Noticed a reaper
 10377 | Gauntlet | Found a transporter.
 10390 | Gauntlet | Found a transporter.
 10900 | Gauntlet | Killed a worldbinder
 10936 | Gauntlet | Reached XP level 12. HP: 62/94 MP: 4/14
 10953 | Gauntlet | Killed a reaper
 10953 | Gauntlet | Received a gift from Okawaru
 11250 | Gauntlet | Killed a thrashing horror
 11278 | Gauntlet | Got an ancient cloak
 11290 | Gauntlet | Identified the +4 cloak "Ymnot" {+Blink rC++ Int-3 SInv}
                  | (You found it in a Gauntlet)
 11343 | Gauntlet | Noticed a minotaur
 11373 | Gauntlet | Killed a minotaur
 11475 | Gauntlet | Got a pair of smoking boots
 11482 | Gauntlet | Identified the cursed +0 pair of boots of the Locust {rElec
                  | rPois Str+4} (You found it in a Gauntlet)
 11509 | D:12     | Noticed a two-headed ogre
 11517 | D:12     | Found Godariod's Weapon Shop.
 11520 | D:12     | Killed a two-headed ogre
 11520 | D:12     | Reached skill level 16 in Polearms
 11521 | D:12     | Found a staircase to the Orcish Mines.
 11521 | D:12     | Found Emycilab's Armour Shop.
 11544 | D:12     | Reached skill level 10 in Dodging
 11566 | D:12     | Noticed a two-headed ogre
 11573 | D:12     | Killed a two-headed ogre
 11581 | D:12     | Reached skill level 5 in Invocations
 11745 | D:12     | Received a gift from Okawaru
 11839 | D:12     | Noticed a soul eater
 12129 | D:12     | Reached XP level 13. HP: 76/102 MP: 17/17
 12524 | Lair:1   | Entered Level 1 of the Lair of Beasts
 12762 | Lair:1   | Reached skill level 17 in Polearms
 13404 | Lair:2   | Received a gift from Okawaru
 13517 | Lair:2   | Reached skill level 10 in Fighting
 14266 | Lair:3   | Found a staircase to the Swamp.
 14433 | Lair:3   | Reached ****** piety under Okawaru
 14441 | Lair:3   | Received a gift from Okawaru
 14614 | Lair:3   | Found a staircase to the Snake Pit.
 16048 | Lair:5   | Noticed Snorg
 16057 | Lair:5   | Killed Snorg
 16057 | Lair:5   | Reached skill level 18 in Polearms
 16059 | Lair:5   | Reached XP level 14. HP: 103/111 MP: 20/20
 16194 | Lair:5   | Found a staircase to the Slime Pits.
 16575 | Lair:5   | Noticed an entropy weaver
 16576 | Lair:5   | Noticed an entropy weaver
 16949 | Lair:5   | Received a gift from Okawaru
 17254 | Lair:5   | Killed an entropy weaver
 17357 | Lair:5   | Killed an entropy weaver
 17493 | Lair:6   | Entered Level 6 of the Lair of Beasts
 17749 | Orc:1    | Entered Level 1 of the Orcish Mines
 18099 | Orc:1    | Noticed an orc warlord
 18133 | D:12     | Killed an orc warlord
 18515 | Orc:2    | Entered Level 2 of the Orcish Mines
 18515 | Orc:2    | Found a staircase to the Elven Halls.
 18546 | Orc:2    | Found a runed translucent door.
 18598 | Orc:2    | Found a roughly hewn altar of Beogh.
 18644 | Orc:2    | Found Ream's Jewellery Shop.
 18810 | Orc:2    | Found a roughly hewn altar of Beogh.
 19059 | Orc:2    | Reached skill level 10 in Invocations
 19064 | Orc:2    | Found a roughly hewn altar of Beogh.
 19089 | Orc:2    | Found a roughly hewn altar of Beogh.
 19204 | Orc:2    | Found a roughly hewn altar of Beogh.
 19398 | Orc:2    | Reached skill level 19 in Polearms
 19574 | Orc:2    | Noticed Saint Roka
 19643 | Orc:2    | Killed Saint Roka
 19643 | Orc:2    | Reached skill level 10 in Armour
 19660 | Orc:2    | Found Xasusah's Antique Weapon Boutique.
 19660 | Orc:2    | Found a roughly hewn altar of Beogh.
 19663 | Orc:2    | Found Ifoawnil's Antique Armour Shop.
 19807 | Orc:2    | Noticed Sassenached's ghost (adept KoCj)
 19820 | Orc:2    | Found a roughly hewn altar of Beogh.
 19821 | Orc:2    | Found Fyisk's Antique Weapon Boutique.
 19823 | Orc:2    | Received a gift from Okawaru
 19823 | Orc:2    | Reached XP level 15. HP: 107/119 MP: 22/22
 20068 | D:13     | Found a blossoming altar of Fedhas.
 20083 | D:13     | Found a flagged portal.
 20110 | Bailey   | Entered a bailey
 20511 | Bailey   | Identified the +8 glaive "Hiteoffaifa" {antimagic, rPois
                  | MR+ Dex-2}
 20511 | Bailey   | Noticed an orc warlord
 20570 | Bailey   | Slain by an orc warlord

Skill      XL: |  1  2  3  4  5  6  7  8  9 10 11 12 13 14 |
---------------+-------------------------------------------+-----
Polearms       | 5 6 7 8 9 10 11 13 14 15 16 18 19 | 19.8
Fighting       | 3 4 5 6 7 8 9 10 11 | 11.6
Armour         | 1 3 4 5 7 8 9 10 | 10.1
Dodging        | 5 7 8 9 10 11 12 | 12.0
Throwing       | 3 4 5 6 |  6.0
Evocations     | 1 2 |  2.1
Invocations    | 2 3 6 8 10 | 10.0

Action                   |  1- 3 |  4- 6 |  7- 9 | 10-12 | 13-15 || total
-------------------------+-------+-------+-------+-------+-------++-------
Melee: Trident           |   138 |   211 |   452 |   327 |   620 ||  1748
       Halberd           |       |       |       |   275 |    32 ||   307
       Unarmed           |       |       |       |     3 |       ||     3
       Bardiche          |       |       |       |       |   456 ||   456
Throw: Stone             |     5 |       |     7 |       |       ||    12
       Throwing net      |       |     2 |       |       |       ||     2
       Tomahawk          |       |       |       |     5 |     2 ||     7
Invok: Heroism           |       |       |       |     4 |     1 ||     5
       Finesse           |       |       |       |     3 |     1 ||     4
Evoke: Wand              |       |       |       |       |     1 ||     1
  Use: Scroll            |       |     5 |     8 |    19 |     6 ||    38
       Potion            |       |     1 |     1 |     4 |     2 ||     8
 Stab: Held in net/web   |       |     2 |       |       |       ||     2
       Sleeping          |       |       |       |       |     1 ||     1
  Eat: Chunk             |     2 |     5 |    10 |    13 |    26 ||    56
       Ration            |       |       |       |     2 |     1 ||     3
Armor: Leather armour    |    12 |       |       |       |       ||    12
       Ring mail         |    24 |    33 |     1 |       |       ||    58
       Chain mail        |       |       |    40 |    13 |       ||    53
       Scale mail        |       |       |    34 |    15 |       ||    49
       Plate armour      |       |       |       |    30 |       ||    30
       Gold dragon scale |       |       |       |    34 |   273 ||   307
Dodge: Dodged            |    84 |   126 |   239 |   194 |   474 ||  1117
